 Dungeon Crawl Stone Soup version 0.19.1 (webtiles) character file.

131 LadySerpentine the Firebug (level 5, -1/28 HPs)
             Began as a Tengu Fire Elementalist on Nov 30, 2016.
             Slain by a gnoll
             ... wielding a +0 spear
              (9 damage)
             ... on level 4 of the Dungeon on Dec 1, 2016.
             The game lasted 00:28:43 (3797 turns).

LadySerpentine the Firebug (TeFE)                   Turns: 3797, Time: 00:28:44

Health: -1/28      AC:  2    Str:  8    XL:     5   Next: 14%
Magic:  12/19      EV: 13    Int: 16    God:
Gold:   164        SH:  0    Dex: 15    Spells: 2 memorised, 7 levels left

rFire  . . .     SeeInvis .     i - +0 dagger
rCold  . . .     Gourm    .     a - +0 robe
rNeg   + . .     Faith    .     (no shield)
rPois  .         Spirit   .     (helmet restricted)
rElec  .         Reflect  .     (no cloak)
rCorr  .         Harm     .     (no gloves)
MR     .....                    (boots unavailable)
Stlth  ++........               (no amulet)
                                k - ring of positive energy
                                m - ring of magical power

@: no status effects
A: beak, talons 3, able to fly 1
a: Fly


You were on level 4 of the Dungeon.
You were not hungry.

You visited 1 branch of the dungeon, and saw 4 of its levels.

You collected 164 gold pieces.

Inventory:

Hand Weapons
 h - a +0 club
 i - a +0 dagger (weapon)
 l - a +0 club
 q - a +0 dagger
 s - a +0 dagger
Missiles
 j - 65 arrows
 p - 43 bolts
 r - 68 stones (quivered)
 u - 11 poisoned needles
 x - 5 tomahawks
 y - 19 sling bullets
Armour
 a - a +0 robe (worn)
 g - a +0 robe
Jewellery
 k - a ring of positive energy (right hand)
 m - a ring of magical power (left hand)
Scrolls
 d - 2 scrolls of enchant weapon {unknown}
 f - 4 scrolls of identify {unknown}
 n - a scroll of recharging {unknown}
 o - 2 scrolls of blinking {unknown}
Potions
 c - 2 potions of curing {unknown}
 e - a potion of brilliance {unknown}
 t - a potion of mutation {unknown}
 z - a potion of degeneration {unknown}
Books
 b - a book of Flames

   Spells                             Type                      Level
   a - Flame Tongue                   Conjuration/Fire             1
   b - Throw Flame                    Conjuration/Fire             2
   c - Conjure Flame                  Conjuration/Fire             3
   d - Inner Flame                    Hexes/Fire                   3
   e - Sticky Flame                   Conjuration/Fire             4
   f - Fireball                       Conjuration/Fire             5
Comestibles
 v - a royal jelly
 w - 3 fruits


   Skills:
 - Level 0.4 Short Blades
 - Level 2.2 Dodging
 - Level 2.1 Stealth
 * Level 3.0 Spellcasting
 + Level 3.0 Conjurations
 + Level 4.7 Fire Magic


You had 7 spell levels left.
You knew the following spells:

 Your Spells              Type           Power        Failure   Level  Hunger
a - Flame Tongue          Conj/Fire      ##...        4%          1    #......
b - Throw Flame           Conj/Fire      ##....       8%          2    ##.....


Dungeon Overview and Level Annotations

Branches:
Dungeon (4/15)
 Temple: D:4-7

Altars:
Elyvilon
Gozag
Okawaru
Yredelemnul

Annotations:
D:3 1 exclusion


Innate Abilities, Weirdness & Mutations

You have a beak for a mouth.
You have claws for feet.
You can fly.


Message History

Your Spellcasting skill increases to level 3!
Your Conjurations skill increases to level 3!
The gnoll completely misses you. The gnoll closely misses you.
Press: ? - help, v - describe, . - travel The floor.
Press: ? - help, v - describe, . - travel The floor.
Unknown command.
You hit the gnoll. Your peck misses the gnoll.
The gnoll is lightly wounded.
The gnoll closely misses you.
Casting: Throw Flame
Confirm with . or Enter, or press ? or * to list all spells.
Aiming: Throw Flame
Press: ? - help, Shift-Dir - straight line, f - gnoll
Aim: a gnoll, wielding a spear (lightly wounded)
The puff of flame hits the gnoll.
The gnoll is moderately wounded.
The gnoll hits you with a spear!
You die...

###.##...........##
#................
###..............
#.....$........
###.......##+##
#.......#
###....####
#......# #...).@#
.....gg.# ........#
........# ........#
........# .........
.....####


You could see 2 gnolls.

Vanquished Creatures
  A centaur skeleton (D:3)
  3 gnolls
  2 dart slugs (D:1)
  2 leopard geckos
  5 orcs
  A ball python (D:2)
  8 bats
  3 giant cockroaches
  3 goblins
  10 hobgoblins
  4 jackals (D:3)
  6 kobolds
  A quokka (D:3)
  4 frilled lizards
  6 rats
59 creatures vanquished.

Notes
Turn   | Place    | Note
-------+----------+-------------------------------------------
     0 | D:1      | LadySerpentine the Tengu Fire Elementalist began the quest for the Orb.
     0 | D:1      | Reached XP level 1. HP: 10/10 MP: 4/4
   489 | D:1      | Reached XP level 2. HP: 15/15 MP: 6/6
   497 | D:1      | Learned a level 2 spell: Throw Flame
   865 | D:1      | Reached skill level 4 in Fire Magic
   958 | D:1      | Reached XP level 3. HP: 19/19 MP: 7/7
  1518 | D:2      | Found a basalt altar of Yredelemnul.
  1861 | D:3      | Found an iron altar of Okawaru.
  1873 | D:3      | Reached XP level 4. HP: 15/24 MP: 0/8
  2392 | D:3      | Found an opulent altar of Gozag.
  3209 | D:3      | Found a white marble altar of Elyvilon.
  3290 | D:3      | Gained mutation: You can fly. [Tengu growth]
  3290 | D:3      | Reached XP level 5. HP: 28/28 MP: 10/10
  3797 | D:4      | Slain by a gnoll

Skill      XL: |  1  2  3  4  5 |
---------------+----------------+-----
Fire Magic     | 4 |  4.7
Conjurations   | 2 3 |  3.0
Spellcasting   | 3 |  3.0
Short Blades   | |  0.4
Dodging        | |  2.2
Stealth        | |  2.1

Action                   |  1- 3 |  4- 6 || total
-------------------------+-------+-------++-------
Melee: Club              |     7 |       ||     7
       Kick              |     6 |    14 ||    20
       Dagger            |    24 |    63 ||    87
       Peck              |     4 |    13 ||    17
 Cast: Flame Tongue      |    24 |    12 ||    36
       Throw Flame       |    19 |    20 ||    39
 Abil: Fly               |       |     1 ||     1
 Stab: Sleeping          |     4 |       ||     4
  Eat: Chunk             |     1 |     2 ||     3
       Bread ration      |     1 |       ||     1
       Meat ration       |       |     1 ||     1
Armor: Robe              |    17 |     9 ||    26
Dodge: Dodged            |    51 |    62 ||   113
